 Dungeon Crawl Stone Soup version 0.25-a0-339-gb37b713d4c (webtiles) character file.

Game seed: 4106749369878752313, levelgen mode: deterministic

156 Gargoyl the Skirmisher (level 5, -12/46 HPs)
             Began as a Centaur Abyssal Knight on Dec 29, 2019.
             Was a Believer of Lugonu.
             Blown up by Ijyb (13 damage)
             ... with a disintegration bolt
             ... on level 3 of the Dungeon.
             The game lasted 00:04:57 (2656 turns).

Gargoyl the Skirmisher (Centaur Abyssal Knight)     Turns: 2656, Time: 00:04:57

Health: -12/46     AC:  8    Str: 19    XL:     5   Next: 15%
Magic:  7/7        EV:  5    Int: 12    God:    Lugonu [**....]
Gold:   149        SH:  0    Dex: 10    Spells: 4/4 levels left

rFire    . . .     SeeInvis +   a - +1 hand axe
rCold    . . .     Gourm    .   (no shield)
rNeg     . . .     Faith    .   w - +0 chain mail
rPois    .         Spirit   .   (no helmet)
rElec    .         Reflect  .   (no cloak)
rCorr    .         Harm     .   f - +0 pair of gloves
MR       .....                  (no barding)
Stlth    ..........             d - amulet of regeneration
HPRegen  0.55/turn              l - ring of see invisible
MPRegen  0.10/turn              (no ring)

@: mighty, brilliant, hasted, very quick
A: large, hooves 3, [blurry vision 2], deformed body, [dopey 2], speed 2, tough
skin 3
a: Depart the Abyss, Bend Space, Renounce Religion


You were on level 3 of the Dungeon.
You worshipped Lugonu.
Lugonu was pleased with you.
You were not hungry.

You visited 1 branch of the dungeon, and saw 3 of its levels.
You visited the Abyss 1 time.

You collected 149 gold pieces.

Inventory:

Hand Weapons
 a - a +1 hand axe (weapon)
Missiles
 q - 6 javelins (quivered)
Armour
 f - a +0 pair of gloves (worn)
 w - a +0 chain mail (worn)
Jewellery
 d - an amulet of regeneration (around neck)
 l - a ring of see invisible (left hand)
Scrolls
 g - 2 scrolls of remove curse
 n - a scroll of enchant armour {unknown}
 o - 2 scrolls of immolation {unknown}
 p - 2 scrolls of identify
 u - a scroll of enchant weapon {unknown}
 v - a scroll of teleportation {unknown}
Potions
 e - a potion of agility
 k - a potion of brilliance
 m - a potion of mutation {unknown}
 r - a potion of heal wounds {unknown}
 t - a potion of degeneration {unknown}
Comestibles
 c - 7 rations
 s - a chunk of flesh


   Skills:
 + Level 3.6 Fighting
 + Level 3.0 Axes
 * Level 2.2 Armour
 * Level 1.4 Dodging
 * Level 2.8 Invocations


You had 4 spell levels left.
You didn't know any spells.
Your spell library contained the following spells:

 Spells                   Type           Power        Failure   Level  Hunger
 Confusing Touch          Hex            #.....       36%         1    ##.....
 Confuse                  Hex            #.......     69%         3    ####...
 Gell's Gravitas          Tloc           #.........   69%         3    ####...
 Petrify                  Tmut/Erth      #.......     95%         4    #####..
 Metabolic Englaciation   Hex/Ice        #.........   99%         5    ######.
 Yara's Violent Unravell  Hex/Tmut       #.........   99%         5    ######.


Dungeon Overview and Level Annotations

Branches:
Dungeon (3/15)

Altars:
Nemelex Xobeh

Annotations:
D:3 Ijyb


Innate Abilities, Weirdness & Mutations

You have hooves in place of feet.
Armour fits poorly on your strangely shaped body.
You cover ground very quickly.
You have extremely tough skin. (AC +3)
[Scrolls take you longer to read.]
[You are very dopey. (Int -4)]


Message History

You hit Ijyb but do no damage. Your kick misses Ijyb.
Ijyb is heavily wounded.
Ijyb hits you.
It was a potion of brilliance.
You feel clever all of a sudden.
Ijyb zaps a wand.
You are blasted!
* * * LOW HITPOINT WARNING * * *
You feel better. Ijyb hits you but does no damage.
Okay, then.
It was a potion of haste.
You feel yourself speed up. Ijyb hits you.
* * * LOW HITPOINT WARNING * * *
It was a potion of might.
You feel very mighty all of a sudden.
Ijyb zaps a wand.
You are blasted!
* * * LOW HITPOINT WARNING * * *
Okay, then.
You barely miss Ijyb. You kick Ijyb!
Ijyb is almost dead.
Ijyb zaps a wand.
You are blasted!
You die...

##################### ########
.........#......<...####......#
.........#.....g@........(....#
.........#........#.###.......#
.........########.#...#.......#
.........# #.###.#.......#
.........# #..,,.#.......###
......(..# ########.#.#+##...
.........# #........#.#.##.##
.........# #.########.#.##...
.........#######.##.......#.[....


You could see Ijyb.

Vanquished Creatures
  Jessica (D:3)
  Terence (D:3)
  4 gnolls (D:2)
  2 adders (D:2)
  2 worms (D:2)
  A dart slug (D:2)
  An orc (D:3)
  3 bats
  3 giant cockroaches
  8 goblins
  4 hobgoblins
  5 frilled lizards
  4 kobolds
  7 rats
46 creatures vanquished.

Notes
Turn   | Place    | Note
-------+----------+-------------------------------------------
     0 | Abyss:1  | Gargoyl the Centaur Abyssal Knight began the quest for the
                  | Orb.
     0 | Abyss:1  | Reached XP level 1. HP: 19/19 MP: 2/2
     2 | Abyss:1  | Found a corrupted altar of Lugonu.
    44 | Abyss:1  | Noticed a shadow dragon skeleton
    53 | Abyss:1  | Noticed a spatial vortex
    81 | Abyss:1  | Noticed a wretched star
   103 | Abyss:1  | Noticed a small abomination
   104 | Abyss:1  | Noticed a bone dragon
   108 | Abyss:1  | Noticed a worldbinder
   111 | Abyss:1  | Noticed a deep elf archer
   111 | Abyss:1  | Noticed a deep elf mage
   116 | Abyss:1  | Noticed a deep elf archer
   120 | Abyss:1  | Noticed a deep elf mage
   120 | Abyss:1  | Noticed a deep elf knight
   122 | Abyss:1  | Noticed a redback
   122 | Abyss:1  | Noticed a jumping spider
   128 | D:1      | Escaped the Abyss
   728 | D:1      | Reached XP level 2. HP: 26/26 MP: 3/3
   730 | D:1      | Reached * piety under Lugonu
  1289 | D:2      | Reached skill level 1 in Dodging
  1319 | D:2      | Reached XP level 3. HP: 27/31 MP: 4/4
  1633 | D:2      | Reached XP level 4. HP: 38/38 MP: 5/5
  2186 | D:3      | Found a faded altar of an unknown god.
  2248 | D:3      | Noticed Jessica
  2270 | D:3      | Killed Jessica
  2310 | D:3      | Reached ** piety under Lugonu
  2425 | D:3      | Found a sparkling altar of Nemelex Xobeh.
  2477 | D:3      | Noticed Terence
  2490 | D:3      | Killed Terence
  2490 | D:3      | Reached XP level 5. HP: 42/46 MP: 7/7
  2638 | D:3      | Noticed Ijyb
  2655 | D:3      | HP: 1/46 [disintegration (9)]
  2656 | D:3      | Blown up by Ijyb

Levels and vault maps discovered:
D:1:      nicolae_arrival_somewhat_less_tricky_arrival, layout_loops_ring,
          roderic_lattice_a, minmay_lizard_pond
D:2:      layout_loops_ring, corexii_hall_statues_x
D:3:      layout_basic, chequers_ecumenical_altar_simple, first_ration,
          nemelex_altar_shiori, uniq_ijyb, uniq_terence, uniq_jessica

Skill      XL: |  1  2  3  4 |
---------------+-------------+-----
Axes           | 2 3 |  3.0
Dodging        | 1 |  1.4
Armour         | 2 |  2.2
Fighting       | |  3.6
Invocations    | |  2.8

Action                   |  1- 3 |  4- 6 || total
-------------------------+-------+-------++-------
Melee: Hand axe          |    93 |    57 ||   150
       Kick              |    16 |    17 ||    33
Invok: Depart the Abyss  |     1 |       ||     1
  Use: Scroll            |     2 |     4 ||     6
       Potion            |     2 |     4 ||     6
  Eat: Chunk             |     1 |     3 ||     4
Armor: Leather armour    |    24 |    16 ||    40
       Chain mail        |       |     6 ||     6
Dodge: Dodged            |    68 |    23 ||    91

Table legend:
 A = Non-vault XP
 B = Vault XP
 C = Vault XP percentage of total XP
 D = Non-vault monster count
 E = Vault monster count
 F = Vault count percentage of total count
                 A         B        C        D         E       F
            +---------+---------+-------+---------+---------+-------
      Total |     148 |      76 |  33.9 |      41 |       5 |  10.9
            +---------+---------+-------+---------+---------+-------
        D:1 |      24 |       3 |  11.1 |      16 |       3 |  15.8
        D:2 |     111 |       0 |   0.0 |      17 |       0 |   0.0
        D:3 |      13 |      73 |  84.9 |       8 |       2 |  20.0
            +---------+---------+-------+---------+---------+-------
